Map: 아이스 앤 크롬 - 래더

Players

Solar - Winner!

  • Race: Zerg Zerg
  • Spawn Location: 1:00

ShoWTimE

  • Race: Protoss Protoss
  • Spawn Location: 7:00

Event: StayAtHomestory Cup #2

VOD

Have the link to the VOD?

Description

Time

  • Played on: June 12, 2020, 10:50 a.m.
  • Length: 7:11

All games in this series

Show
View Real Time Build Order
Export as new Build Order

Solar Zerg - Winner!

Build Orders: Hatch First 

Get SALT Encoding   

  12  0:01  Drone  
  13  0:12  Overlord  
  13  0:17  Drone  
  14  0:31  Drone x2  
  16  0:47  Hatchery  
  15  0:51  Drone  
  15  0:55  Drone  
  17  0:58  Drone  
  18  1:09  Extractor  
  17  1:13  Spawning Pool  
  17  1:16  Drone  
  17  1:20  Drone  
  18  1:28  Drone  
  19  1:39  Drone  
  20  1:53  Overlord  
  20  2:00  Queen x2  
  24  2:02  Zergling x4  
  26  2:10  Drone  
  26  2:11  Drone  
  26  2:13  Metabolic Boost  
  28  2:21  Drone x2  
  30  2:35  Hatchery  
  29  2:38  Drone  
  29  2:39  Drone  
  31  2:46  Queen  
  31  2:50  Overlord  
  33  2:53  Drone  
  33  2:57  Drone x2  
  36  3:09  Zergling x4  
  36  3:11  Drone x4  
  42  3:14  Drone  
  42  3:19  Drone  
  44  3:25  Drone  
  42  3:27  Overlord  
  42  3:31  Drone  
  42  3:33  Drone  
  42  3:40  Spore Crawler  
  41  3:43  Queen  
  41  3:45  Zergling x2  
  41  3:46  Zergling x2  
  45  3:49  Drone  
  45  3:50  Spore Crawler  
  45  3:55  Queen  
  47  3:59  Overlord  
  47  4:03  Drone x3  
  47  4:08  Drone  
  47  4:09  Drone x2  
  53  4:10  Drone  
  53  4:12  Drone  
  53  4:15  Drone  
  56  4:22  Queen, Spore Crawler  
  56  4:23  Drone  
  58  4:24  Drone  
  58  4:29  Roach Warren  
  56  4:36  Extractor, Overlord  
  56  4:37  Zergling x2  
  56  4:38  Extractor  
  56  4:39  Zergling x2  
  56  4:41  Zergling x2  
  56  4:42  Zergling x4  
  59  4:46  Zergling x4  
  59  4:47  Zergling x2  
  59  4:49  Zergling x2  
  59  4:50  Zergling x2  
  59  4:51  Zergling x2  
  65  4:54  Overlord  
  65  4:59  Drone  
  66  5:04  Drone  
  66  5:06  Overlord  
  63  5:11  Roach x2  
  63  5:12  Roach x3  
  73  5:15  Roach  
  73  5:19  Roach  
  76  5:24  Roach x2  
  76  5:27  Roach  
  82  5:36  Overlord  
  82  5:37  Ravager x3  
  82  5:38  Overlord  
  82  5:41  Overlord  
  85  5:49  Overlord  
  85  5:51  Overlord  
  85  5:53  Ravager  
  85  5:54  Zergling x4  
  85  5:55  Zergling x2  
  85  5:58  Zergling x4  
  85  6:00  Ravager  
  85  6:01  Zergling x2  
  88  6:05  Zergling x4  
  88  6:08  Ravager  
  88  6:09  Zergling x4  
  93  6:13  Zergling x2  
  93  6:14  Zergling x2  
  93  6:17  Zergling x2  
  93  6:18  Zergling x2  
  97  6:20  Zergling x4  
  97  6:24  Zergling x2  
  100  6:26  Zergling x4  
  100  6:27  Ravager  
  100  6:28  Ravager  
  100  6:31  Zergling x4  
  104  6:37  Zergling x4  
  105  6:40  Zergling x2  
  105  6:41  Zergling x4  
  105  6:45  Zergling x4  
  100  6:47  Ravager  
  100  6:49  Zergling x4  
  100  6:51  Zergling x2  
Show
View Real Time Build Order
Export as new Build Order

ShoWTimE Protoss 

Build Orders: 1 Gate Expand, Oracle Opening 

Get SALT Encoding   

  12  0:00  Probe  
  13  0:12  Probe  
  14  0:18  Pylon  
  14  0:24  Probe  
  15  0:32  Probe  
  15  0:39  Gateway  
  15  0:40  Probe  
  16  0:47  Assimilator  
  17  0:51  Probe  
  18  1:03  Probe  
  19  1:15  Probe  
  20  1:23  Nexus  
  20  1:32  Cybernetics Core  
  20  1:35  Probe  
  21  1:41  Assimilator  
  21  1:47  Probe  
  21  1:51  Pylon  
  22  1:59  Adept, Probe  
  23  2:11  Probe  
  26  2:19  Adept, Stargate  
  26  2:23  Probe  
  29  2:31  Probe  
  29  2:32  Warp Gate  
  29  2:36  Probe  
  31  2:40  Probe  
  32  2:48  Probe  
  32  2:49  Adept  
  32  2:50  Probe  
  35  2:57  Oracle  
  36  3:00  Probe  
  36  3:01  Pylon  
  36  3:02  Probe  
  38  3:12  Probe  
  42  3:14  Probe  
  42  3:19  Adept  
  45  3:24  Probe  
  45  3:26  Probe  
  47  3:27  Oracle  
  47  3:29  Gateway  
  45  3:36  Probe  
  49  3:42  Probe  
  49  3:43  Pylon  
  50  3:51  Probe  
  50  3:54  Probe  
  52  3:57  Nexus  
  52  4:00  Oracle  
  52  4:02  Pylon  
  52  4:04  Probe  
  52  4:06  Probe  
  57  4:13  Assimilator  
  57  4:15  Assimilator  
  57  4:16  Probe  
  58  4:19  Probe  
  59  4:25  Adept x2  
  59  4:28  Probe  
  59  4:31  Probe  
  65  4:37  Robotics Facility  
  65  4:39  Shield Battery  
  65  4:40  Probe  
  65  4:43  Probe  
  65  4:44  Pylon  
  67  4:50  Sentry  
  67  4:52  Probe  
  70  4:55  Forge  
  70  5:02  Probe  
  70  5:04  Probe  
  70  5:06  Sentry  
  70  5:09  Gateway  
  70  5:10  Probe  
  70  5:14  Probe  
  72  5:16  Probe  
  73  5:22  Probe  
  73  5:23  Sentry, Phoenix x2  
  73  5:24  Twilight Council  
  73  5:26  Probe  
  73  5:27  Observer  
  73  5:28  Probe, Gateway  
  78  5:33  Sentry  
  78  5:34  Probe  
  82  5:38  Probe  
  82  5:40  Probe  
  84  5:46  Probe  
  85  5:52  Assimilator  
  85  5:56  Assimilator, Zealot x2  
  87  5:59  Immortal  
  87  6:04  Shield Battery  
  89  6:05  Shield Battery  
  89  6:11  Gateway  
  89  6:12  Gateway  
  89  6:13  Shield Battery  
  89  6:20  Pylon  
  88  6:27  Pylon  
  88  6:29  Pylon  
  88  6:33  Photon Cannon  
  88  6:35  Pylon  
  88  6:36  Pylon  
  92  6:44  Pylon  
  85  6:48  Pylon  
  71  6:56  Zealot x2  
  70  7:06  Zealot x2  
Tags
 
Add a new tag
Caveats
  • Supply blocks, unpowered buildings, or Contaminate may cause inaccurate times.
  • Supply counts are checked every 10 seconds.